AoeStats
← axelinho 123836

Nomad

509638228Analyzed
4v4 RM · 4d ago on Sep 27, 2026· 46m 51s· 8 players
Game mode
Random Map
Map size
231×231
Population
200
Speed
Normal
Resources
Standard
Victory
Conquest
Starting age
Dark Age
Ending age
Imperial Age
RankedLock teamsTeams togetherTeam positionsShared explorationLock speedFull tech treeHidden civsTurbo modeCheats
Victory
Defeat
🇪🇸 Spanish · Spain
1085
+14
🇦🇷 Britons · Argentina
1038
+15
🇧🇷 Magyars · Brazil
1023
+15
🇧🇷 Romans · Brazil
1007
+16
🇪🇸 Japanese · Spain
1046
-16
🇮🇩 Spanish · Indonesia
1026
-15
🇺🇸 Turks · United States
993
-14
🇬🇧 Mapuche · United Kingdom
982
-14
Biznatch
9:41 Loom
12:46 Feudal Age
15:39 Fletching
15:38 Double-Bit Axe
17:12 Padded Archer Armor
25:21 Castle Age
25:17 Horse Collar
30:08 Gold Mining
37:10 Wheelbarrow
43:20 Bow Saw
45:33 Elite Skirmisher
EL CID
4:34 Loom
15:46 Feudal Age
20:47 Castle Age
19:19 Scale Mail Armor
19:29 Forging
21:21 Pikeman
22:21 Chain Mail Armor
22:41 Iron Casting
23:02 Double-Bit Axe
39:46 Elite Skirmisher
41:59 Bow Saw
42:32 Fletching
42:42 Padded Archer Armor
mAjiCode
14:56 Feudal Age
16:16 Loom
19:52 Castle Age
18:39 Stone Mining
19:09 Gold Mining
20:41 Fletching
26:48 Imperial Age
25:02 Bodkin Arrow
30:31 Imperial Age
29:46 Horse Collar
30:43 Wheelbarrow
44:39 Double-Bit Axe
47:09 Conscription
NMac42
F5B01
4:55 Loom
13:34 Feudal Age
15:15 Double-Bit Axe
17:47 Castle Age
24:14 Wheelbarrow
24:45 Bloodlines
24:36 Husbandry
28:11 Padded Archer Armor
33:59 Imperial Age
32:56 Town Watch
36:04 Conscription
36:07 Leather Archer Armor
37:49 Gold Mining
39:49 Bow Saw
43:04 Hand Cart
46:14 Ring Archer Armor
45:16 Elite Conquistador
Bruno MIRANDA
15:13 Loom
19:05 Feudal Age
20:00 Fishing Lines
20:20 Stone Mining
20:34 Gold Mining
24:29 Castle Age
22:36 Double-Bit Axe
25:23 Bow Saw
26:34 Wheelbarrow
30:59 Fletching
hcmiranda2203
6:23 Loom
14:55 Feudal Age
15:44 Double-Bit Axe
16:42 Horse Collar
18:52 Bloodlines
18:56 Gold Mining
19:39 Scale Barding Armor
23:02 Castle Age
21:07 Stone Mining
22:06 Town Watch
25:07 Fletching
26:00 Bodkin Arrow
27:24 Husbandry
31:46 Wheelbarrow
31:42 Bow Saw
34:47 Husbandry
37:22 Light Cavalry
40:23 Corvinian Army
42:02 Chain Barding Armor
42:22 Medium Warships
44:57 Hand Cart
49:09 Imperial Age
47:18 Gold Shaft Mining
axelinho 123836
4:25 Loom
14:52 Feudal Age
15:23 Double-Bit Axe
15:52 Horse Collar
18:14 Town Watch
26:35 Fletching
26:45 Padded Archer Armor
35:53 Wheelbarrow
38:26 Castle Age
40:19 Hand Cart
45:59 Bow Saw
45:51 Heavy Plow
Connection lost

Rejoining the realm…

Still unreachable

The connection could not be restored.

Session expired

The server has moved on; the page needs a fresh start.